 Dungeon Crawl Stone Soup version 0.32-a0-999-gfa1cc04b1d (webtiles) character file.

Game seed: 13082787318360239439

9 Cancer the Sneak (level 2, -2/21 HPs)
             Began as an Octopode Delver on Apr 24, 2024.
             Slain by a white imp (4 damage)
             ... on level 5 of the Dungeon.
             The game lasted 00:00:33 (64 turns).

Cancer the Sneak (Octopode Delver)                    Turns: 64, Time: 00:00:33

Health: -2/21      AC:  1    Str: 11    XL:     2   Next: 12%
Magic:  2/2        EV: 12    Int: 12    God:
Gold:   0          SH:  0    Dex: 13    Spells: 1/1 levels left

rFire   . .          .
                       - Unarmed
rCold   . . .        (no shield)
rNeg    . . .        (helmet restricted)
rPois   .            (no amulet)
rElec   .            (no ring)
rCorr   .            (no ring)
SInv    .            (no ring)
Will    .....        (no ring)
Stlth   ++++         (no ring)
HPRegen 0.23/turn    (no ring)
MPRegen 0.08/turn    (no ring)
                     (no ring)

%: no passive effects
@: no status effects
A: almost no armour, amphibious, 8 rings, camouflage 1, gelatinous body 1,
(nimble swimmer 1), tentacles
a: no special abilities


You were on level 5 of the Dungeon.
You visited 1 branch of the dungeon, and saw 1 of its levels.

Inventory:

Wands
 e - a wand of digging (3)
Scrolls
 a - a scroll of fog
 b - a scroll of revelation
 c - a scroll of fear
Potions
 d - a potion of haste


   Skills:
 - Level 3.0 Fighting
 - Level 2.0 Dodging
 + Level 7.2 Stealth
 - Level 2.0 Unarmed Combat


You had one spell level left.
You didn't know any spells.
Your spell library was empty.

Dungeon Overview and Level Annotations

Branches:
Dungeon (5/15)
 Temple: D:4-7

Altars:


Innate Abilities, Weirdness & Mutations

You cannot wear most types of armour.
You are amphibious.
You can wear up to eight rings at the same time.
Your skin changes colour to match your surroundings (Stealth+).
Your rubbery body absorbs attacks. (AC +1, EV +1)
((You are camouflaged when in or above water. (Stealth+)))
You have tentacles for arms and can constrict up to eight enemies at once.


Message History

A black bear comes into view.
You hear a distant slurping noise.
You closely miss the adder. Your grab misses the adder.
Your squeeze misses the adder. The adder barely misses you.
You completely miss the adder. Your grab misses the adder.
You tentacle-slap the adder.
The adder is moderately wounded.
The adder misses you. x2
You tentacle-slap the adder. You grab the adder. Your squeeze misses the adder.
The adder is severely wounded.
You constrict the adder. The adder closely misses you.
You tentacle-slap the adder.
You kill the adder!
Your Stealth skill increases to level 7!
You have reached level 2!
Found a throwing net.
A white imp comes into view.
The white imp gestures at you. The puff of frost hits you!
Ouch! That really hurt!
The white imp gestures at you. The puff of frost misses you.
A jelly comes into view.
The sentinel's mark upon you fades away.
You open the door. The white imp closely misses you.
The jelly barely misses you.
There is an open door here.
The white imp attacks as it pursues you!
The white imp misses you. The white imp gestures at you.
The puff of frost hits you!
* * * LOW HITPOINT WARNING * * *
Found a scroll labelled GESHRE ZIBUSOYH.
The white imp gestures at you. The puff of frost misses you.
Okay, then.
The white imp hits you.
* * * LOW HITPOINT WARNING * * *
The white imp freezes you.
You die...

#.......##.....##.
#.......#.........
#......J'.........
#.......#.........
#..(....#.........
##########h.......
#.......##........
#......?##.....##.
#....@.J##.....##
#.....5.........#
#.....h.........#
#...............#
#...............#
#.....####.##..##
####### #.# ..#
... .... ... ..


You could see a black bear, a jelly and a white imp.

Vanquished Creatures
  An adder (D:5)
1 creature vanquished.

Notes
Turn   | Place    | Note
-------+----------+-------------------------------------------
     0 | D:5      | Cancer the Octopode Delver began the quest for the Orb.
     0 | D:5      | Reached XP level 1. HP: 16/16 MP: 1/1
    30 | D:5      | Noticed a black bear
    35 | D:5      | Reached skill level 7 in Stealth
    35 | D:5      | Reached XP level 2. HP: 21/21 MP: 2/2
    64 | D:5      | Slain by a white imp

Illustrated notes

Levels and vault maps discovered:
D:5:      layout_gridville, lemuel_blue_sif_altar, nicolae_uskayaw_suspiria,
          uniq_crazy_yiuf_cottage

Skill      XL: |  1 |
---------------+----+-----
Stealth        | 7 |  7.2
Fighting       | |  3.0
Dodging        | |  2.0
Unarmed Combat | |  2.0

Action                     || total
---------------------------++-------
  Melee: Unarmed           ||     4
         Constrict         ||     1
         Punch             ||     1
 Armour: Skin              ||     3
  Dodge: Dodged            ||     9

Table legend: (Time is in decaauts)
 A = Elapsed time spent in this place.
 B = Non-inter-level travel time spent in this place.
 C = Inter-level travel time spent in this place.
 D = Time resting spent in this place.
 E = Time spent auto-exploring this place.
 F = Levels seen in this place.
 G = Mean time per level.
                   A        B        C        D        E       F      G
               +--------+--------+--------+--------+--------+-----+--------+
         Total |     63 |     63 |      0 |      0 |     15 |   1 |   63.0 |
       Dungeon |     63 |     63 |      0 |      0 |     15 |   1 |   63.0 |
               +--------+--------+--------+--------+--------+-----+--------+

Top non-repeatable levels by time:
     D:5: 63 daAuts
